 Dungeon Crawl Stone Soup version 0.20-a0-548-g4f8a798 (webtiles) character file.

220 Alarkh the Slasher (level 5, 33/41 HPs)
             Began as a Demonspawn Monk on Feb 1, 2017.
             Quit the game on level 2 of the Dungeon.
             The game lasted 00:01:40 (1688 turns).

Alarkh the Slasher (Demonspawn Monk)                Turns: 1688, Time: 00:01:41

Health: 33/41      AC:  5    Str: 17    XL:     5   Next: 64%
Magic:  5/5        EV: 15    Int: 14    God:
Gold:   107        SH:  0    Dex: 15    Spells: 4/4 levels left

rFire    . . .     SeeInvis .   a - +0 falchion
rCold    . . .     Gourm    .   p - +0 robe (curse)
rNeg     . . .     Faith    .   (no shield)
rPois    .         Spirit   .   (helmet restricted)
rElec    .         Reflect  .   (no cloak)
rCorr    .         Harm     .   (no gloves)
MR       .....                  r - +2 pair of boots
Stlth    ++........             (no amulet)
Regen    0.2/turn               (no ring)
                                u - +2 ring of intelligence

@: mighty
A: antennae 1, repulsion field 1, rot immunity
a: no special abilities


You were on level 2 of the Dungeon.
You were not hungry.

You visited 1 branch of the dungeon, and saw 2 of its levels.

You collected 107 gold pieces.

Inventory:

Hand Weapons
 a - a +0 falchion (weapon)
Armour
 b - a +0 robe
 p - a cursed +0 robe (worn)
 r - a +2 pair of boots (worn)
Jewellery
 u - a +2 ring of intelligence (left hand)
Scrolls
 e - a scroll of identify
 g - a scroll of teleportation
 h - 2 scrolls of noise {unknown}
 k - 2 scrolls of remove curse
 l - 3 scrolls of immolation {unknown}
 m - a scroll of recharging {unknown}
 n - a scroll of random uselessness {unknown}
 o - 2 scrolls of enchant armour {unknown}
 q - a scroll of enchant weapon {unknown}
Potions
 d - a potion of curing
 s - 2 potions of brilliance
Comestibles
 c - 2 bread rations
 j - a royal jelly
 t - 2 chunks of flesh


   Skills:
 - Level 3.0 Fighting
 + Level 5.8 Long Blades
 - Level 2.6 Dodging
 - Level 1.7 Stealth


You had 4 spell levels left.
You didn't know any spells.

Dungeon Overview and Level Annotations

Branches:
Dungeon (2/15)

Altars:


Innate Abilities, Weirdness & Mutations

You have a pair of small antennae on your head.
You are surrounded by a mild repulsion field. (EV +2)
You are immune to rotting.


Message History

Sigmund is almost dead.
The quokka bites you but does no damage.
Sigmund misses you. The rat closely misses you.
The quokka completely misses you.
You riposte.
You slash the quokka!
You kill the quokka!
You slash Sigmund!
You kill Sigmund!
Your Long Blades skill increases to level 5!
You have reached level 4!
You feel stronger.
Your demonic ancestry asserts itself...
A pair of antennae grows on your head!
You have reached level 5!
Your demonic ancestry asserts itself...
You feel immune to rotting. The rat closely misses you.
You riposte.
You barely miss the rat. You slash the rat!
You kill the rat!
No target in view!
No target in view!
Are you sure you want to abandon this character and quit the game? (Confirm with "yes".)

#### ..# #.#
#.#############
#.............#### #
#...##......#.##..
#.#...##......#+##..
#.†@..##............
#>).................
....###.##............
#.....
#.##.#.......... #...?
..##............ #....
#######......... #...
#.......## ####
##......## +......+.


There were no monsters in sight!

Vanquished Creatures
  Sigmund (D:2)
  An adder (D:2)
  An ooze (D:1)
  4 dart slugs
  3 leopard geckos
  3 giant cockroaches
  4 goblins
  7 hobgoblins
  A quokka (D:2)
  2 bats (D:2)
  4 frilled lizards
  5 kobolds
  4 rats
40 creatures vanquished.

Notes
Turn   | Place    | Note
-------+----------+-------------------------------------------
     0 | D:1      | Alarkh the Demonspawn Monk began the quest for the Orb.
     0 | D:1      | Reached XP level 1. HP: 18/18 MP: 1/1
   118 | D:1      | Reached skill level 3 in Long Blades
   452 | D:1      | Gained mutation: You are surrounded by a mild repulsion field. (EV +2) [demonic ancestry]
   452 | D:1      | Reached XP level 2. HP: 12/24 MP: 2/2
   831 | D:1      | Reached XP level 3. HP: 13/29 MP: 3/3
  1250 | D:2      | Reached skill level 4 in Long Blades
  1674 | D:2      | Noticed Sigmund
  1686 | D:2      | Killed Sigmund
  1686 | D:2      | Reached skill level 5 in Long Blades
  1686 | D:2      | Gained mutation: You have a pair of small antennae on your head. [demonic ancestry]
  1686 | D:2      | Reached XP level 4. HP: 28/35 MP: 4/4
  1686 | D:2      | Gained mutation: You are immune to rotting. [demonic ancestry]
  1686 | D:2      | Reached XP level 5. HP: 33/41 MP: 5/5
  1688 | D:2      | Quit the game

Vault maps used:
D:1:      erik_arrival_cave_to_civilisation, minmay_tree_intersection,
          minmay_octomino_e4
D:2:      uniq_terence, uniq_natasha, uniq_sigmund

Skill      XL: |  1  2  3 |
---------------+----------+-----
Long Blades    | 3 5 |  5.8
Fighting       | |  3.0
Dodging        | |  2.6
Stealth        | |  1.7

Action                   |  1- 3 |  4- 6 || total
-------------------------+-------+-------++-------
Melee: Falchion          |    99 |     1 ||   100
  Use: Scroll            |     5 |       ||     5
       Potion            |     3 |       ||     3
 Stab: Sleeping          |     7 |       ||     7
       Distracted        |     1 |       ||     1
  Eat: Chunk             |     3 |       ||     3
Armor: Robe              |    14 |       ||    14
Dodge: Dodged            |    73 |     1 ||    74
       Rpst.: Falchion   |    25 |     1 ||    26
